 Seeded DCSS version 0.28.0 (webtiles) character file.

Game seed: 12455045527757981411 (custom seed)

396 Illumine the Cudgeller (level 6, -1/56 HPs)
             Began as a Minotaur Fighter on Apr 10, 2022.
             Slain by a gnoll (10 damage)
             ... on level 4 of the Dungeon.
             The game lasted 00:03:05 (3466 turns).

Illumine the Cudgeller (Minotaur Fighter)           Turns: 3466, Time: 00:03:06

Health: -1/56      AC:  9    Str: 22    XL:     6   Next: 52%
Magic:  5/5        EV:  7    Int:  5    God:
Gold:   226        SH:  5    Dex: 10    Spells: 5/5 levels left

rFire   . . .      SeeInvis .   t - +1 war axe (flame)
rCold   . . .      Faith    .   c - +0 buckler
rNeg    . . .      Spirit   .   s - +0 chain mail
rPois   .          Reflect  .   i - +0 hat
rElec   .          Harm     .   (no cloak)
rCorr   .          Rampage  .   (no gloves)
Will    .....                   (no boots)
Stlth   ..........              (no amulet)
HPRegen 0.18/turn               (no ring)
MPRegen 0.09/turn               (no ring)

@: no status effects
A: horns 2, retaliatory headbutt
a: no special abilities


You were on level 4 of the Dungeon.
You visited 1 branch of the dungeon, and saw 4 of its levels.

You collected 226 gold pieces.

Inventory:

Hand Weapons
 a - a +0 flail
 r - a +3 flail
 t - a +1 war axe of flaming (weapon)
Armour
 c - a +0 buckler (worn)
 i - a +0 hat (worn)
 s - a +0 chain mail (worn)
Scrolls
 b - a scroll of identify {unknown}
 h - a scroll of enchant weapon {unknown}
 j - a scroll of teleportation {unknown}
 n - a scroll of noise {unknown}
 q - a scroll of fear {unknown}
Potions
 d - a potion of might
 e - 2 potions of haste {unknown}
 f - a potion of invisibility {unknown}
 g - a potion of resistance {unknown}
 k - a potion of flight {unknown}
 l - 3 potions of lignification {unknown}
 m - 2 potions of degeneration {unknown}
 o - a potion of heal wounds {unknown}
 p - a potion of mutation {unknown}
 u - a potion of magic {unknown}


   Skills:
 - Level 5.0 Fighting
 * Level 6.1 Maces & Flails
 + Level 4.7 Armour
 - Level 5.0 Shields


You had 5 spell levels left.
You didn't know any spells.
Your spell library contained the following spells:

 Spells                   Type           Power      Damage    Failure   Level
 Ensorcelled Hibernation  Hex/Ice        0%         N/A       100%        2
 Spider Form              Tmut/Pois      0%         N/A       100%        3
 Anguish                  Hex/Necr       0%         N/A       100%        4


Dungeon Overview and Level Annotations

Branches:
Dungeon (4/15)
 Temple: D:4-7

Altars:

Shops:
D:2 *

Annotations:
D:2 Sigmund
D:3 1 runed translucent door, Crazy Yiuf


Innate Abilities, Weirdness & Mutations

You have a pair of horns on your head.
You reflexively headbutt those who attack you in melee.


Message History

The dart slug launches a dart at you. The slug dart hits you.
A dart slug is nearby!
A dart slug is nearby!
You hit the dart slug. You burn the dart slug. You headbutt the dart slug!
You kill the dart slug!
You see here a dart slug corpse.
You see here a dart slug corpse.
Found a stone staircase leading down.
No target in view!
You now have 226 gold pieces (gained 16). 2 gnolls come into view.
The gnoll shouts!
A gnoll comes into view. It is wielding a +0 spear.
A gnoll comes into view.
It is wielding a +4 halberd of protection.
The gnoll shouts! x2
The gnoll throws a throwing net.
The throwing net hits you.
You become entangled in the net!
You see here a throwing net.
There are monsters nearby!
You are held in a net!
There are monsters nearby!
You are held in a net!
You struggle against the net.
You struggle against the net.
You struggle against the net.
The gnoll hits you from afar with a +0 halberd!
You rip the net and break free!
The gnoll throws a throwing net.
The throwing net hits you.
You become entangled in the net!
The gnoll hits you from afar with a +0 halberd!
You tear a large gash into the net.
The gnoll hits you but does no damage. The gnoll barely misses you.
The gnoll hits you from afar with a +4 halberd of protection!
You struggle against the net.
The gnoll hits you with a +0 club. The gnoll barely misses you.
The gnoll hits you but does no damage.
The gnoll hits you from afar with a +4 halberd of protection!
* * * LOW HITPOINT WARNING * * *
You rip the net and break free!
The gnoll closely misses you.
The gnoll hits you from afar with a +0 halberd!
You die...

#....# #....##.##......
#..†.# ##...#...#....8.
#...## #..##...##.....
#...#
#########.#..≈..#.#.8.
#...#
##.........#.≈≈≈.#.##..
#.###
#..........#.≈≈≈.#.###.
###
##..........#.≈≈≈.#.#
##
#...........#..≈..#.#
#......@g...##..[##..
#.............#####.)
#...8.ggg....$...
..........>....##
...............#
......$......##
.............#
............##


You could see 4 gnolls.

Vanquished Creatures
  An ice beast (D:4)
  A phantom (D:4)
  A scorpion (D:4)
  4 gnolls (D:3)
  5 adders
  A white imp (D:4)
  An adder skeleton (D:4)
  2 dart slugs
  2 orcs
  7 ball pythons
  6 endoplasms
  4 giant cockroaches
  5 goblins
  12 hobgoblins
  A jackal (D:3)
  5 kobolds
  3 quokkas
  5 bats
  6 frilled lizards
  4 rats
76 creatures vanquished.

Notes
Turn   | Place    | Note
-------+----------+-------------------------------------------
     0 | D:1      | Illumine the Minotaur Fighter began the quest for the Orb.
     0 | D:1      | Reached XP level 1. HP: 19/19 MP: 0/0
    91 | D:1      | Reached XP level 2. HP: 26/27 MP: 1/1
   509 | D:1      | Reached skill level 3 in Maces & Flails
   512 | D:1      | Found a faded altar of an unknown god.
  1031 | D:2      | Reached XP level 3. HP: 29/33 MP: 2/2
  1230 | D:2      | Noticed Sigmund
  1602 | D:2      | Found Nuelawn's Assorted Antiques.
  1712 | D:3      | Reached XP level 4. HP: 27/41 MP: 3/3
  1987 | D:3      | Found a runed translucent door.
  1988 | D:3      | Noticed Crazy Yiuf
  2080 | D:3      | Reached skill level 4 in Maces & Flails
  2280 | D:4      | Noticed an ice beast
  2280 | D:4      | Noticed a phantom
  2316 | D:2      | Reached XP level 5. HP: 17/47 MP: 4/4
  2519 | D:3      | Reached skill level 5 in Fighting
  2522 | D:3      | Reached skill level 5 in Shields
  3144 | D:4      | Reached skill level 5 in Maces & Flails
  3155 | D:4      | Killed a phantom
  3156 | D:4      | Reached XP level 6. HP: 56/56 MP: 5/5
  3184 | D:4      | Killed an ice beast
  3185 | D:4      | Reached skill level 6 in Maces & Flails
  3466 | D:4      | Slain by a gnoll

Illustrated notes

Levels and vault maps discovered:
D:1:      heliophobic_arrival_enchanted_forest, layout_loops_corners,
          nicolae_ecumenical_lake_church, minmay_misc_feat_room
D:2:      layout_loops_ring, serial_shops, nicolae_shop_advertising_works
          [nicolae_subvault_shop_adworks], uniq_natasha, uniq_sigmund
D:3:      layout_rooms, hangedman_abyss_or_decor_stabs, chequers_arboretum,
          minmay_fractal_squares_diagonal_5, uniq_crazy_yiuf_cottage
D:4:      layout_cave_pods, lemuel_temple_firewalk_b, serial_column_ruins,
          column_ruins_square_large, column_ruins_hut_pillars,
          column_ruins_grid_1, column_ruins_open_small, column_ruins_grid_1,
          minmay_fire_ice_demons, uniq_ijyb

Skill      XL: |  1  2  3  4  5  6 |
---------------+-------------------+-----
Fighting       | 4 5 |  5.0
Shields        | 4 5 |  5.0
Maces & Flails | 3 4 5 6 |  6.1
Armour         | 4 |  4.7

Action                   |  1- 3 |  4- 6 || total
-------------------------+-------+-------++-------
Melee: Flail             |    11 |    47 ||    58
       Dagger            |    70 |    32 ||   102
       Headbutt          |     8 |    11 ||    19
       War axe           |       |     9 ||     9
Armor: Scale mail        |    43 |    27 ||    70
       Chain mail        |       |    15 ||    15
Dodge: Dodged            |    32 |    56 ||    88
Block: Buckler           |    19 |    17 ||    36
